 Dungeon Crawl Stone Soup version 0.19-a0-1008-g4c63d25 (webtiles) character file.

22 Kurtz the Cudgeler (level 2, 0/24 HPs)
             Began as a Mummy Berserker on July 23, 2016.
             Was a Follower of Trog.
             Slain by a hobgoblin
             ... wielding a +0 club
              (2 damage)
             ... on level 1 of the Dungeon.
             The game lasted 00:01:14 (983 turns).

Kurtz the Cudgeler (Mummy Berserker)                 Turns: 983, Time: 00:01:15

Health: 0/24       AC:  5    Str: 20    XL:     2   Next: 68%
Magic:  2/2        EV: 11    Int:  6    God:    Trog [*.....]
Gold:   50         SH:  0    Dex: 11    Spells: 0 memorised, 1 level left

rFire  x . .     SeeInvis .     a - +0 mace
rCold  + . .     Gourm    .     f - +1 leather armour (curse)
rNeg   + + +     Faith    .     (no shield)
rPois  ∞         Spirit   .     d - +0 helmet
rElec  .         Dismiss  .     (no cloak)
rCorr  .         Reflect  .     (no gloves)
SustAt .         Harm     .     (no boots)
MR     .....                    (no amulet)
Stlth  +.........               (no ring)
                                (no ring)

@: not resistant to hostile enchantments, very unstealthy
A: no food or potions, fire vulnerability, cold resistance 1, negative energy
resistance 3, torment resistance, unbreathing
a: Burn Spellbooks, Renounce Religion


You were on level 1 of the Dungeon.
You worshipped Trog.
Trog was aware of your devotion.
You were not hungry.

You visited 1 branch of the dungeon, and saw 1 of its levels.

You collected 50 gold pieces.

Inventory:

Hand Weapons
 a - a +0 mace (weapon)
Armour
 b - a +0 animal skin
 d - a +0 helmet (worn)
 f - a cursed +1 leather armour (worn)
 g - a +0 ring mail


   Skills:
 - Level 3.0 Fighting
 * Level 3.3 Maces & Flails
 - Level 1.5 Armour
 - Level 1.5 Dodging


You had one spell level left.
You didn't know any spells.

Dungeon Overview and Level Annotations

Branches:
Dungeon (1/15)

Altars:


Innate Abilities, Weirdness & Mutations

You do not eat or drink.
Your flesh is vulnerable to fire.
You are immune to poison.
Your flesh is cold resistant. (rC+)
You are immune to negative energy. (rN+++)
You are immune to unholy pain and torment.
You can survive without breathing.


Message History

The ball python grabs you. The ball python constricts you.
You escape the ball python's grasp.
The ball python bites you but does no damage.
The ball python misses you. The ball python closely misses you.
The ball python barely misses you.
Your unstable footing causes you to fumble your attack.
The ball python closely misses you. The ball python grabs you.
The ball python constricts you.
Your unstable footing causes you to fumble your attack.
The ball python bites you but does no damage.
The ball python constricts you. The ball python closely misses you.
* * * LOW HITPOINT WARNING * * *
The ball python constricts you.
You hit the ball python.
You kill the ball python!
Trog accepts your kill.
The hobgoblin splashes around in the water.
The hobgoblin barely misses you. The hobgoblin misses you.
The hobgoblin hits you with a club.
You die...

...#.# ≈≈≈ ...#.# ###♣≈≈≈
...#.### ...≈P≈≈ ...#...#
...≈P≈≈
##.###.#########♣...≈≈≈≈≈
.......#...(...≈≈....≈≈≈≈
..............♣≈≈P...P≈≈≈
...###########♣≈≈g...≈≈≈≈
......... ♣P@≈..≈≈≈≈≈
######### ♣♣≈≈..≈≈P≈≈
'.....# ♣♣≈≈...≈≈≈≈
#####.# ♣≈≈≈..≈.≈≈P # #.#
♣≈≈≈≈...≈≈≈ # #.#
##♣≈≈≈...PP≈♣ # #.#
#..≈♣P≈.≈≈≈P. # #.#
#.##♣♣P..♣≈## # #.# #.#
≈...##


You could see a hobgoblin.

Vanquished Creatures
  A giant gecko (D:1)
  3 goblins (D:1)
  A hobgoblin (D:1)
  4 jackals (D:1)
  A kobold (D:1)
  A quokka (D:1)
  A ball python (D:1)
  3 bats (D:1)
  A giant newt (D:1)
  2 rats (D:1)
18 creatures vanquished.

Notes
Turn   | Place    | Note
-------+----------+-------------------------------------------
     0 | D:1      | Kurtz the Mummy Berserker began the quest for the Orb.
     0 | D:1      | Reached XP level 1. HP: 18/18 MP: 1/1
   160 | D:1      | Reached XP level 2. HP: 6/24 MP: 2/2
   163 | D:1      | HP: 1/24 [goblin (2)]
   972 | D:1      | HP: 1/24 [hobgoblin/club (6)]
   980 | D:1      | HP: 1/24 [ball python (1)]
   983 | D:1      | Slain by a hobgoblin

Vault maps used:
D:1:      dpeg_arrival_houses_and_road, serial_bayou, serial_bayou_shore_b,
          serial_bayou_shore_b, serial_bayou_crossing, serial_bayou_ford_a

Skill      XL: |  1  2 |
---------------+-------+-----
Maces & Flails | 3 |  3.3
Fighting       | |  3.0
Armour         | |  1.5
Dodging        | |  1.5

Action                   || total
-------------------------++-------
Melee: Mace              ||    69
  Use: Scroll            ||     2
Armor: Animal skin       ||    11
       Leather armour    ||    20
Dodge: Dodged            ||    64
